 Dungeon Crawl Stone Soup version 0.15-a0-429-gf5d7e11 (webtiles) character file.

218 4tharraofdagon the Insei (level 5, -11/28 HPs)
             Began as a Vine Stalker Monk on May 6, 2014.
             Killed by divine providence
             ... invoked by an orc priest
              (14 damage)
             ... on Level 6 of the Dungeon.
             The game lasted 00:07:14 (1204 turns).

4tharraofdagon the Insei (Vine Stalker Monk)        Turns: 1204, Time: 00:07:14

HP -11/28        AC 12     Str 14      XL: 5   Next: 49%
MP   0/7         EV  2     Int 10      God:
Gold 50          SH 14     Dex 16      Spells:  0 memorised,  4 levels left

rFire  . . .     SeeInvis .       - Unarmed
rCold  . . .     Clarity  .     f - +0 chain mail
rNeg   . . .     Conserve .     j - +0 shield
rPois  .         rCorr    .     (no helmet)
rElec  .         rRot     +     (no cloak)
SustAb . .       Spirit   +     (no gloves)
rMut   .         Warding  .     (no boots)
Saprov . . .     Stasis   .     (no amulet)
MR     .....                    (no ring)
                                (no ring)

@: not resistant to hostile enchantments, extremely unstealthy
A: fangs 2, rough black scales 1, regeneration 1, magic shield, antimagic bite,
no device heal
a: no special abilities


You were on level 6 of the Dungeon.
You were not hungry.

You visited 1 branch of the dungeon, and saw 6 of its levels.

You collected 159 gold pieces.
You spent 109 gold pieces at shops.

Inventory:

Armour
 a - a +0 robe
 f - a +0 chain mail (worn)
 j - a +0 shield (worn)
Comestibles
 b - 4 bread rations
 i - a meat ration
Scrolls
 c - a scroll of noise
 d - 5 scrolls of identify
 m - a scroll of fear {unknown}
 n - a scroll of amnesia {unknown}
Potions
 o - a potion of curing {unknown}
Books
 k - a book of Wizardry

   Spells                             Type                      Level
   Summon Elemental                   Summoning                    4
   Agony                              Necromancy                   5
   Force Lance                        Conjuration                  5
   Haste                              Charms                       6
   Invisibility                       Hexes                        6
   Spellforged Servitor               Conjuration/Summoning        7
Magical staves
 e - an uncursed staff of power


   Skills:
 + Level 3.4 Fighting
 + Level 3.0 Dodging
 + Level 3.9 Stealth
 * Level 0.1 Shields
 * Level 5.1 Unarmed Combat


You had 4 spell levels left.
You didn't know any spells.

Dungeon Overview and Level Annotations

Branches:
Dungeon (6/15)
 Temple: D:4-7

Altars:
Ashenzari
The Shining One

Shops:
D:4 **


Innate Abilities, Weirdness & Mutations

You are immune to rotting.
You have extremely sharp teeth.
Your natural rate of healing is unusually fast.
When hurt, damage is shared between your health and your magic reserves.
Your bite disrupts and absorbs the magic of your enemies.
Potions and wands cannot restore your HP.
You are partially covered in rough black scales (AC +4, Dex -1).


Message History

The phantom blinks!
Unknown command.
Unknown command.
There is a stone staircase leading down here.
Unknown command.
You block the shadow imp's attack.
You climb downwards.
A hobgoblin, 3 orcs and an orc priest come into view.
The orc priest shouts!
The orc shouts!
The orc shouts!
The hobgoblin shouts!
Found five items.
Found a stone staircase leading down.
There is a stone staircase leading up here.
Unknown command.
Unknown command.
Read which item? (? for menu, Esc to quit)
As you read the scroll of fog, it crumbles to dust.
The scroll dissolves into smoke.
You block the shadow imp's attack.
The orc priest invokes the aid of Beogh against you.
Something smites you!
Ouch! That really hurt!
You die...

##. ...o.....
.)=........
...$.........
............o..
............o.o
...............
....%..§§5.....g.
.=.....§@§.......
.......§§§.......
########>......
....... ....?..
...... ..... ....
.


You could see an orc priest, a shadow imp, 3 orcs and a hobgoblin.

Vanquished Creatures
  2 hounds (D:4)
  A worker ant (D:3)
  2 adders
  A giant eyeball (D:4)
  3 giant geckos
  2 oozes
  An orc (D:3)
  2 ball pythons (D:1)
  3 bats
  4 goblins
  5 hobgoblins
  10 kobolds
  A quokka (D:2)
  8 giant cockroaches
  2 giant newts (D:3)
  7 rats
54 creatures vanquished.

Notes
Turn   | Place    | Note
--------------------------------------------------------------
     0 | D:1      | 4tharraofdagon, the Vine Stalker Monk, began the quest for the Orb.
     0 | D:1      | Reached XP level 1. HP: 11/11 MP: 1/1
   148 | D:1      | Reached XP level 2. HP: 16/16 MP: 3/3
   301 | D:2      | Found a glowing golden altar of the Shining One.
   318 | D:2      | You fall through a shaft!
   372 | D:3      | Reached XP level 3. HP: 8/20 MP: 4/4
   430 | D:3      | Reached XP level 4. HP: 16/24 MP: 5/5
   541 | D:4      | Noticed an ogre
   542 | D:4      | Found Struwk Meito's Assorted Antiques.
   550 | D:4      | Bought a gluggy green potion for 19 gold pieces
   550 | D:4      | Bought a blue potion for 19 gold pieces
   551 | D:4      | Bought a scroll labeled TORYEKL IQOOT for 22 gold pieces
   551 | D:4      | Bought a smoky silvery potion for 19 gold pieces
   572 | D:3      | Gained mutation: You are frail (-10% HP). [potion of mutation]
   572 | D:3      | Lost mutation: You are frail (-10% HP). [potion of mutation]
   572 | D:3      | Gained mutation: You are partially covered in rough black scales (AC +4, Dex -1). [potion of mutation]
   573 | D:3      | Paralysed by a potion of paralysis for 7 turns
   808 | D:4      | Reached XP level 5. HP: 21/28 MP: 7/7
   820 | D:4      | Reached skill level 5 in Unarmed Combat
   855 | D:4      | Found Otiax's Assorted Antiques.
   867 | D:4      | Bought a scroll labeled GHOTHE CIUNEARCH for 30 gold pieces
   904 | D:4      | Paralysed by a giant eyeball for 2 turns
   927 | D:5      | Entered Level 5 of the Dungeon
   939 | D:5      | Found a shattered altar of Ashenzari.
  1162 | D:5      | Noticed a phantom
  1197 | D:5      | HP: 1/28 [orc priest/divine providence (7)]
  1204 | D:6      | Killed from afar by an orc priest

Action                   |  1- 3 |  4- 6 || total
-------------------------+-------+-------++-------
Melee: Unarmed           |    71 |   113 ||   184
  Use: Potion            |     3 |     3 ||     6
       Scroll            |       |     6 ||     6

Vault maps used:
D:1:      eino_arrival_cavern_a
D:2:      tso_metal_star, minivault_23, yredelemnul_altar_generic, uniq_jessica
D:3:      nemelex_spade_bored_becter
D:4:      kennysheep_big_flooded_room, serial_shops, shop_statue,
          shop_fountains, nicolae_shop_stone, minmay_misc_feat_plants,
          minmay_misc_feat_tiny, uniq_menkaure
D:5:      lemuel_coloured_pillars_altar, makhleb_heckhound_becter,
          lemuel_crystal_altar, grunt_dithmenos_shadows,
          cheibrodos_ashenzari_chains, first_bread, glass_columns_b
D:6:      tgw_trog, minmay_temple_entry_poolview
